 Dungeon Crawl Stone Soup version 0.26-a0-576-gcfaa98f945 (webtiles) character file.

Game seed: 9514774728193119229

140 Descartes the Insei (level 5, -1/25 HPs)
             Began as a Vine Stalker Transmuter on Aug 22, 2020.
             Slain by an orc
             ... wielding a +0 trident
              (5 damage)
             ... on level 3 of the Dungeon.
             The game lasted 00:04:21 (3646 turns).

Descartes the Insei (Vine Stalker Transmuter)       Turns: 3646, Time: 00:04:22

Health: -1/25      AC:  2    Str: 14    XL:     5   Next: 23%
Magic:  0/10       EV: 13    Int: 13    God:
Gold:   140        SH:  0    Dex: 14    Spells: 7/10 levels left

rFire    . . .     SeeInvis .     - Unarmed
rCold    . . .     Faith    .   (no shield)
rNeg     . . .     Spirit   +   a - +0 robe
rPois    .         Reflect  .   (helmet currently unavailable)
rElec    .         Harm     .   (no cloak)
rCorr    .                      (no gloves)
MR       ++...                  (boots currently unavailable)
Stlth    +.........             (no amulet)
HPRegen  0.48/turn              l - ring of protection from magic
MPRegen  0.12/turn              j - ring of protection from magic

@: appendages, wereblooded
A: fangs 2, horns 2, talons 2, regeneration 1, magic shield, antimagic bite, no
potion heal 3, rot immunity
a: End Transformation


You were on level 3 of the Dungeon.
You had grown temporary horns.
You had grown temporary talons.
You visited 1 branch of the dungeon, and saw 3 of its levels.

You collected 140 gold pieces.

Inventory:

Missiles
 b - 145 stones (quivered)
 d - 29 bolts
 g - 69 arrows
 n - 21 sling bullets
Armour
 a - a +0 robe (worn)
Jewellery
 h - an uncursed ring of flight
 j - a ring of protection from magic (right hand)
 l - a ring of protection from magic (left hand)
Scrolls
 e - 2 scrolls of identify {unknown}
 i - 2 scrolls of remove curse {unknown}
 k - a scroll of fear {unknown}
 m - a scroll of teleportation {unknown}
 o - a scroll of magic mapping {unknown}
 p - a scroll of enchant armour {unknown}
Potions
 c - a potion of lignification {unknown}
 f - a potion of flight {unknown}
 q - a potion of mutation {unknown}
 r - a potion of curing {unknown}
 s - a potion of haste


   Skills:
 - Level 0.8 Fighting
 + Level 1.4 Armour
 + Level 2.3 Dodging
 + Level 3.7 Unarmed Combat
 + Level 3.0 Spellcasting
 + Level 2.9 Transmutations


You had 7 spell levels left.
You knew the following spells:

 Your Spells              Type           Power        Failure   Level
a - Beastly Appendage     Tmut           #.....       7%          1
b - Wereblood             Tmut           #.......     11%         2

Your spell library contained the following spells:

 Spells                   Type           Power        Failure   Level
 Spider Form              Tmut/Pois      #.........   36%         3
 Ice Form                 Ice/Tmut       #.......     77%         4
 Blade Hands              Tmut           #.........   88%         5


Dungeon Overview and Level Annotations

Branches:
Dungeon (3/15)

Altars:


Innate Abilities, Weirdness & Mutations

You have extremely sharp teeth.
Your natural rate of healing is unusually fast.
When hurt, damage is shared between your health and your magic reserves.
Your bite disrupts and absorbs the magic of your enemies.
Potions cannot restore your health.
You are immune to rotting.
You have a pair of horns on your head.
You have razor-sharp toenails.


Message History

The worm bites you!
* * * LOW HITPOINT WARNING * * *
You hit the orc but do no damage. You claw the orc.
You kill the orc!
The goblin hits you with a +0 dagger.
* * * LOW HITPOINT WARNING * * *
Your horns disappear.
Your talons disappear.
The goblin hits you but does no damage. The orc closely misses you.
The worm closely misses you.
Found a stone staircase leading down.
Items here: $ ) [ †.
Casting: Wereblood (safe; 11% risk of failure)
Confirm with . or Enter, or press ? or * to list all spells.
You grow a pair of large bovine horns.
Your feet morph into talons.
The goblin misses you. The orc closely misses you. The orc barely misses you.
You punch the worm! You claw the worm!
You kill the worm!
The goblin closely misses you.
The orc hits you from afar with a +0 trident.
You die...

.. .. ..... #'.
.#....# '.
......#
####........#
......#.....#
##...o#....####
#######
.>...l.o.......
.......
#o†@g......
.......
#....o#.#######
##..... #.#.#
#.....# #...... #
#####.# .......
#....######......
#....'...#.......
#....###.#.....##
#....###.#.##..##
#....#...# #...#.


You could see 4 orcs, a goblin and a frilled lizard.

Vanquished Creatures
  5 adders
  2 oozes
  2 worms
  4 dart slugs
  2 leopard geckos (D:2)
  7 orcs (D:3)
  12 goblins
  11 hobgoblins
  6 bats
  2 frilled lizards
  7 kobolds
  4 rats
  A plant (D:1)
65 creatures vanquished.

Vanquished Creatures (others)
  A plant (D:1)
1 creature vanquished.

Grand Total: 66 creatures vanquished

Notes
Turn   | Place    | Note
-------+----------+-------------------------------------------
     0 | D:1      | Descartes the Vine Stalker Transmuter began the quest for
                  | the Orb.
     0 | D:1      | Reached XP level 1. HP: 9/9 MP: 4/4
   506 | D:1      | Reached XP level 2. HP: 14/14 MP: 6/6
  2022 | D:2      | Reached XP level 3. HP: 12/17 MP: 5/7
  2477 | D:2      | Learned a level 2 spell: Wereblood
  2634 | D:2      | Reached skill level 1 in Armour
  2634 | D:2      | Gained mutation: Your natural rate of healing is unusually
                  | fast. [Vine Stalker growth]
  2634 | D:2      | Reached XP level 4. HP: 6/21 MP: 4/9
  3557 | D:3      | Reached XP level 5. HP: 25/25 MP: 8/10
  3646 | D:3      | Slain by an orc

Illustrated notes

Levels and vault maps discovered:
D:1:      dpeg_arrival_morbid_curiosity, layout_basic, serial_forest,
          infiniplex_forest_clump_long, infiniplex_forest_lined_room_,
          infiniplex_forest_end_1, infiniplex_forest_lined_room_2,
          infiniplex_forest_clump_long
D:2:      layout_basic, minmay_misc_feat_room
D:3:      layout_basic

Skill      XL: |  1  2  3  4  5 |
---------------+----------------+-----
Dodging        | 2 |  2.3
Armour         | 1 |  1.4
Spellcasting   | 3 |  3.0
Fighting       | |  0.8
Unarmed Combat | |  3.7
Transmutations | |  2.9

Action                   |  1- 3 |  4- 6 || total
-------------------------+-------+-------++-------
Melee: Unarmed           |   161 |    72 ||   233
       Bite              |    46 |    16 ||    62
       Punch             |     3 |     2 ||     5
       Kick              |     3 |    17 ||    20
       Headbutt          |     3 |     8 ||    11
 Cast: Beastly Appendage |     4 |    15 ||    19
       Wereblood         |       |     3 ||     3
 Stab: Sleeping          |     1 |       ||     1
       Distracted        |     1 |       ||     1
Armor: Robe              |    13 |    11 ||    24
Dodge: Dodged            |    63 |    59 ||   122

Table legend: (Time is in decaauts)
 A = Elapsed time spent in this place.
 B = Non-inter-level travel time spent in this place.
 C = Inter-level travel time spent in this place.
 D = Time resting spent in this place.
 E = Time spent auto-exploring this place.
 F = Levels seen in this place.
 G = Mean time per level.
                   A        B        C        D        E       F      G
               +--------+--------+--------+--------+--------+-----+--------+
         Total |   3630 |   3579 |     51 |      0 |   3119 |   3 | 1210.0 |
       Dungeon |   3630 |   3579 |     51 |      0 |   3119 |   3 | 1210.0 |
               +--------+--------+--------+--------+--------+-----+--------+

Top non-repeatable levels by time:
     D:1: 1906 daAuts
     D:2: 1209 daAuts
     D:3: 513 daAuts
